 Seeded DCSS version 0.30.0-16-gbe6223bb7e (webtiles) character file.

Game seed: 1985735608671926624 (custom seed)

524 GigaChad the Covered (level 7, 0/60 HPs)
             Began as an Armataur Fighter on May 21, 2023.
             Was an Initiate of Okawaru.
             Killed by divine providence
             ... invoked by an orc priest
              (11 damage)
             ... on level 5 of the Dungeon.
             The game lasted 00:06:12 (3800 turns).

GigaChad the Covered (Armataur Fighter)             Turns: 3800, Time: 00:06:12

Health: 0/60       AC: 15    Str: 23    XL:     7   Next: 2%
Magic:  7/7        EV:  4    Int:  9    God:    Okawaru [......]
Gold:   241        SH:  5    Dex:  9    Spells: 6/6 levels left

rFire   . . .        e - +2 war axe (vamp)
rCold   . . .        c - +1 buckler
rNeg    . . .        s - +1 plate armour
rPois   .            (no helmet)
rElec   .            (no cloak)
rCorr   .            (no gloves)
SInv    .            (no barding)
Will    .....        (no amulet) Stlth
                     g - +4 ring of protection
HPRegen 0.30/turn    (no ring)
MPRegen 0.10/turn

%: roll
@: no status effects
A: large, rugged brown scales 3, deformed body, armoured tail, roll, long
tongue, awkward tongue
a: Renounce Religion


You were on level 5 of the Dungeon.
You worshipped Okawaru.
Okawaru was noncommittal.
You visited 2 branches of the dungeon, and saw 6 of its levels.

You collected 241 gold pieces.

Inventory:

Hand Weapons
 a - a +0 war axe
 e - a +2 vampiric war axe (weapon)
Missiles
 l - 2 throwing nets (quivered)
Armour
 b - a +1 scale mail
 c - a +1 buckler (worn)
 s - a +1 plate armour (worn)
Jewellery
 g - a +4 ring of protection (left hand)
 x - an amulet of magic regeneration
Wands
 j - a wand of mindburst (11)
 r - a wand of flame (24)
Scrolls
 m - 2 scrolls of amnesia
 p - a scroll of blinking
 q - a scroll of teleportation
 v - a scroll of fear
Potions
 d - a potion of might
 f - 3 potions of curing
 h - a potion of haste {unknown}
 i - 2 potions of ambrosia
 k - a potion of cancellation {unknown}
 n - 2 potions of lignification {unknown}
 o - 3 potions of flight {unknown}
 t - 2 potions of brilliance {unknown}
 w - a potion of invisibility {unknown}


   Skills:
 * Level 3.6 Fighting
 * Level 4.5 Axes
 * Level 5.0 Armour
 * Level 2.5 Stealth
 * Level 4.2 Shields


You had 6 spell levels left.
You didn't know any spells.
Your spell library contained the following spells:

 Spells                   Type           Power      Damage    Failure   Level
 Iskenderun's Battlesphe  Conj           0%         2d6       100%        5
 Iron Shot                Conj/Erth      0%         9d1       100%        6
 Spellforged Servitor     Conj/Summ      Unusable   N/A       N/A         7

Dungeon Overview and Level Annotations

Branches:
Dungeon (5/15)             Temple (1/1) D:4

Altars:
Ashenzari
Cheibriados
Dithmenos
Fedhas
Hepliaklqana
Kikubaaqudgha
Makhleb
Nemelex Xobeh
Okawaru
Qazlal
Ru
Sif Muna
Uskayaw
Vehumet
Wu Jian
Xom
Yredelemnul
Zin

Portals:
Abyss: D:5

Annotations:
D:5 2 transporters, Fodor's ghost, amateur MiFi


Innate Abilities, Weirdness & Mutations

You are completely covered in rugged brown scales. (AC +3, +7% HP)
Armour fits poorly on your strangely shaped body.
You have a long armoured tail.
You roll when moving toward enemies. (Rampage)
Your long tongue fully drains potion bottles. (2x potion effects)
Your tongue gives you trouble enunciating. (1.5x scroll delay)


Message History

Unknown command.
You are too injured to fight recklessly!
Unknown command.
You are too injured to fight recklessly!
Unknown command.
You are too injured to fight recklessly!
Unknown command.
You are too injured to fight recklessly!
Unknown command.
You slash the orc priest!
The orc priest is heavily wounded.
You closely miss the orc wizard.
The orc priest calls upon Beogh to heal the orc wizard.
The orc wizard is healed somewhat.
The orc wizard hits you but does no damage.
You slash the orc priest!
You kill the orc priest!
Okawaru accepts your kill.
You barely miss the orc wizard.
The orc wizard hits you with a +0 dagger.
The orc priest calls down the wrath of Beogh upon you.
Beogh smites you!
* * * LOW HITPOINT WARNING * * *
You have reached level 7!
You hit the orc wizard but do no damage.
The orc wizard is moderately wounded.
The orc wizard hits you but does no damage.
The orc priest hits you with a +0 flail.
* * * LOW HITPOINT WARNING * * *
The orc wizard gestures at you while chanting.
The puff of flame hits you but does no damage.
You miss the orc wizard.
The orc wizard is moderately wounded.
You hit the orc priest but do no damage.
The orc wizard points at you and mumbles some strange words.
The puff of flame hits you.
* * * LOW HITPOINT WARNING * * *
The orc priest mumbles some strange prayers to Beogh against you.
Beogh smites you!
You die...

.#...##....#.#.###
.#..>...####.#.# #
#.####### .#.# #..
#..# #.. .#
#...##†.# #.######.
#.......###........
######.......<####
#......#.....<.....
########@###...#.#.
#.oo.# ...#
....#### ...# ##.##
..... # .##### ..


You could see an orc priest and an orc wizard.

Vanquished Creatures
  An ogre (D:5)
  A scorpion (D:4)
  An orc priest (D:5)
  A hound (D:5)
  A jelly (D:4)
  A sleepcap (D:5)
  An iguana (D:5)
  7 gnolls
  5 adders
  2 worms (D:2)
  6 orcs
  8 ball pythons
  5 bats
  7 endoplasms
  3 giant cockroaches
  17 goblins
  7 hobgoblins
  10 jackals
  11 kobolds
  5 frilled lizards
  9 rats
109 creatures vanquished.

Notes
Turn   | Place    | Note
-------+----------+-------------------------------------------
     0 | D:1      | GigaChad the Armataur Fighter began the quest for the Orb.
     0 | D:1      | Reached XP level 1. HP: 19/19 MP: 1/1
   124 | D:1      | Reached XP level 2. HP: 26/26 MP: 2/2
   379 | D:1      | Reached skill level 4 in Armour
   570 | D:1      | Reached XP level 3. HP: 33/33 MP: 3/3
  1160 | D:2      | Reached skill level 1 in Stealth
  1361 | D:2      | Reached XP level 4. HP: 31/40 MP: 4/4
  1942 | D:3      | Identified a scroll of acquirement
  1942 | D:3      | Acquired a +2 vampiric war axe
  1948 | D:3      | Found a shimmering altar of Xom.
  2099 | D:3      | Found a sparkling altar of Nemelex Xobeh.
  2347 | D:3      | Reached XP level 5. HP: 43/48 MP: 5/5
  3053 | D:4      | Found a staircase to the Ecumenical Temple.
  3092 | D:4      | Reached XP level 6. HP: 51/54 MP: 6/6
  3113 | Temple   | Entered the Ecumenical Temple
  3203 | Temple   | Became a worshipper of Warmaster Okawaru
  3374 | D:4      | Found a basalt altar of Yredelemnul.
  3482 | D:5      | Entered Level 5 of the Dungeon
  3603 | D:5      | Found a transporter.
  3617 | D:5      | Reached skill level 5 in Armour
  3671 | D:5      | Found a one-way gate to the infinite horrors of the Abyss.
  3671 | D:5      | Noticed Fodor's ghost (amateur MiFi)
  3675 | D:5      | Found a transporter.
  3678 | D:5      | Noticed a small abomination
  3756 | D:5      | Found a burning altar of Makhleb.
  3799 | D:5      | Reached XP level 7. HP: 16/60 MP: 7/7
  3800 | D:5      | Killed from afar by an orc priest

Illustrated notes

Levels and vault maps discovered:
D:1:      saegor_arrival_simple_a, layout_loops_ring, grunt_decor_junction,
          minmay_shallow_snake_nest
D:2:      layout_basic, serial_forest, infiniplex_forest_clump_C,
          infiniplex_forest_straight_4, infiniplex_forest_corner_1,
          infiniplex_forest_3_way, infiniplex_forest_lined_3,
          infiniplex_forest_corner_1, infiniplex_forest_corner_1,
          infiniplex_forest_clump_diagonal, infiniplex_forest_lined_4_way,
          minmay_goblin_outpost
D:3:      layout_basic, nemelex_xobeh_ov_fountains_minmay,
          mainiacjoe_overflow_paths, minmay_cupped
D:4:      layout_cave_pools, mainiacjoe_overflow_six_doors_small,
          minmay_temple_entry_waves
D:5:      layout_basic, nicolae_overflow_hidden_temple,
          gammafunk_ghost_abyssal_escape, kennysheep_dice
Temple:   zaba_magenta_temple

Skill      XL: |  1  2  3  4  5  6 |
---------------+-------------------+-----
Armour         | 4 5 |  5.0
Fighting       | 3 |  3.6
Axes           | 2 3 4 |  4.5
Stealth        | 1 2 |  2.5
Shields        | 4 |  4.2

Action                     |  1- 3 |  4- 6 |  7- 9 || total
---------------------------+-------+-------+-------++-------
  Melee: War axe           |   122 |   190 |     2 ||   314
         Tailslap          |     9 |    26 |       ||    35
    Use: Scroll            |     5 |     7 |       ||    12
 Armour: Scale mail        |    84 |    61 |       ||   145
         Plate armour      |       |    45 |     2 ||    47
  Dodge: Dodged            |    50 |    61 |       ||   111
  Block: Buckler           |    24 |    47 |       ||    71
